 Dungeon Crawl Stone Soup version 0.22-a0-348-gd16d139 (webtiles) character file.

157 BaronVonScrub the Covered (level 5, 0/41 HPs)
             Began as a Demonspawn Fighter on Apr 8, 2018.
             Killed from afar by Natasha (7 damage)
             ... with a magic dart
             ... on level 3 of the Dungeon.
             The game lasted 00:09:59 (2564 turns).

BaronVonScrub the Covered (Demonspawn Fighter)      Turns: 2564, Time: 00:10:00

Health: 0/41       AC: 16    Str: 18    XL:     5   Next: 15%
Magic:  5/5        EV:  5    Int:  9    God:
Gold:   134        SH:  9    Dex: 12    Spells: 4/4 levels left

rFire    . . .     SeeInvis .   a - +0 war axe
rCold    . . .     Gourm    .   c - +0 shield
rNeg     . . .     Faith    .   i - +0 chain mail
rPois    .         Spirit   .   (no helmet)
rElec    .         Reflect  .   (no cloak)
rCorr    .         Harm     .   (no gloves)
MR       .....     Rnd*Tele +   e - +2 pair of boots
Stlth    ..........             l - amulet of regeneration
HPRegen  0.53/turn              j - ring of teleportation (curse)
MPRegen  0.09/turn              (no ring)

@: lethally poisoned (0 -> 0)
A: iridescent scales 2
a: no special abilities


You were on level 3 of the Dungeon.
You were not hungry.

You visited 1 branch of the dungeon, and saw 3 of its levels.

You collected 134 gold pieces.

Inventory:

Hand Weapons
 a - a +0 war axe (weapon)
 h - a +0 hand axe
Armour
 b - a +0 scale mail
 c - a +0 shield (worn)
 e - a +2 pair of boots (worn)
 i - a +0 chain mail (worn)
Jewellery
 j - a cursed ring of teleportation (left hand)
 l - an amulet of regeneration (around neck)
Scrolls
 k - a scroll of identify
 n - a scroll of remove curse
Potions
 d - 4 potions of might
 g - 2 potions of curing
Comestibles
 f - 5 rations


   Skills:
 - Level 3.1 Fighting
 - Level 3.2 Axes
 + Level 3.9 Armour
 - Level 0.4 Dodging
 - Level 0.2 Stealth
 - Level 3.3 Shields


You had 4 spell levels left.
You didn't know any spells.

Dungeon Overview and Level Annotations

Branches:
Dungeon (3/15)

Altars:

Annotations:
D:3 Natasha


Innate Abilities, Weirdness & Mutations

You are mostly covered in iridescent scales. (AC +4)


Message History

You hit Natasha.
Natasha is lightly wounded.
You feel sick. You block Natasha's attack. Natasha casts a spell at you.
The magic dart hits you!
Your shield prevents you from hitting Natasha.
Natasha is lightly wounded.
You feel sick. Natasha claws you but does no damage.
You slash Natasha!
Natasha is severely wounded.
You feel sick. You block Natasha's attack.
You miss Natasha.
Natasha is severely wounded.
You feel sick.
Natasha stares at you and mumbles some strange words.
The magic dart hits you!
* * * LOW HITPOINT WARNING * * *
Natasha casts a spell at you. The magic dart hits you!
You die...

....... ....h..
.....# .....#
.....#
####)....#
#...)....#
######h########
#.....@#
##.##### #.#
#.# #.# #.# #.#
#.# #.# #.# ..


You could see Natasha.

Vanquished Creatures
  Terence (D:2)
  Natasha (D:3)
  4 adders
  An ooze (D:1)
  A worm (D:3)
  A dart slug (D:1)
  2 leopard geckos (D:3)
  A ball python (D:1)
  5 giant cockroaches
  8 goblins
  7 hobgoblins
  4 jackals (D:2)
  A quokka (D:3)
  5 bats
  4 frilled lizards
  8 kobolds
  8 rats
62 creatures vanquished.

Notes
Turn   | Place    | Note
-------+----------+-------------------------------------------
     0 | D:1      | BaronVonScrub the Demonspawn Fighter began the quest for the Orb.
     0 | D:1      | Reached XP level 1. HP: 18/18 MP: 1/1
   354 | D:1      | Gained mutation: You are partially covered in iridescent scales. (AC +2) [demonic ancestry]
   354 | D:1      | Reached XP level 2. HP: 24/24 MP: 2/2
  1118 | D:1      | Reached XP level 3. HP: 29/29 MP: 3/3
  1477 | D:1      | You fall through a shaft!
  1617 | D:2      | Noticed Terence
  1632 | D:2      | Killed Terence
  1632 | D:2      | Reached XP level 4. HP: 26/35 MP: 4/4
  1900 | D:2      | Found a faded altar of an unknown god.
  2253 | D:3      | Noticed Natasha
  2285 | D:3      | Killed Natasha
  2289 | D:3      | Gained mutation: You are mostly covered in iridescent scales. (AC +4) [demonic ancestry]
  2289 | D:3      | Reached XP level 5. HP: 38/41 MP: 5/5
  2552 | D:3      | Noticed Natasha
  2564 | D:3      | Killed from afar by Natasha

Vault maps used:
D:1:      onia_arrival_handbag
D:2:      chequers_ecumenical_altar_simple_redux, uniq_terence
D:3:      hangedman_decor_push, uniq_natasha

Skill      XL: |  1  2  3  4 |
---------------+-------------+-----
Axes           | 2 3 |  3.2
Armour         | 3 |  3.9
Shields        | 3 |  3.3
Fighting       | |  3.1
Dodging        | |  0.4
Stealth        | |  0.2

Action                   |  1- 3 |  4- 6 || total
-------------------------+-------+-------++-------
Melee: War axe           |   114 |   111 ||   225
  Use: Scroll            |     2 |     5 ||     7
       Potion            |     1 |     1 ||     2
  Eat: Chunk             |     2 |     4 ||     6
Armor: Scale mail        |    55 |       ||    55
       Chain mail        |       |    73 ||    73
Dodge: Dodged            |    36 |    26 ||    62
Block: Shield            |    54 |    70 ||   124

Table legend:
 A = Spawn XP
 B = Non-spawn XP
 C = Spawn XP percentage of total XP
 D = Spawn monster count
 E = Non-spawn monster count
 F = Spawn count percentage of total count
 G = Total turns spent on level
                    A         B        C        D         E        F      G
               +---------+---------+-------+---------+---------+-------+---------
         Total |       0 |     225 |   0.0 |       0 |      62 |   0.0 |  2564
               +---------+---------+-------+---------+---------+-------+---------
           D:1 |       0 |      49 |   0.0 |       0 |      28 |   0.0 |  1477
           D:2 |       0 |      79 |   0.0 |       0 |      13 |   0.0 |   621
           D:3 |       0 |      97 |   0.0 |       0 |      21 |   0.0 |   466
               +---------+---------+-------+---------+---------+-------+---------
